 Dungeon Crawl Stone Soup version 0.30-a0-359-gd0147acb1a (webtiles) character file.

Game seed: 7086256959849082372

7 kelthazard45 the Magician (level 2, 13/18 HPs)
             Began as an Octopode Hedge Wizard on Nov 12, 2022.
             Quit the game on level 1 of the Dungeon on Oct 27, 2023.
             The game lasted 00:06:59 (302 turns).

kelthazard45 the Magician (Octopode Hedge Wizard)    Turns: 302, Time: 00:06:59

Health: 13/18      AC:  1    Str:  9    XL:     2   Next: 4%
Magic:  6/6        EV: 13    Int: 16    God:
Gold:   0          SH:  0    Dex: 11    Spells: 6/7 levels left

rFire   . . .      SeeInvis .    a - +0 dagger
rCold   . . .      Faith    .    (no shield)
rNeg    . . .      Spirit   .    b - +0 hat
rPois   .          Reflect  .    (no amulet)
rElec   .          Harm     .    (no ring)
rCorr   .          Rampage  .    (no ring)
Will    .....                    (no ring)
Stlth   +++.......               (no ring)
HPRegen 0.23/turn                (no ring)
MPRegen 0.10/turn                (no ring)
                                 (no ring)
                                 (no ring)

@: no status effects
A: almost no armour, amphibious, 8 rings, camouflage 1, gelatinous body 1,
(nimble swimmer 1), tentacles
a: no special abilities


You were on level 1 of the Dungeon.
You visited 1 branch of the dungeon, and saw 1 of its levels.

Inventory:

Hand Weapons
 a - a +0 dagger (weapon)
Missiles
 e - 5 poisoned darts
Armour
 b - a +0 hat (worn)
Scrolls
 d - 2 scrolls of fog {unknown}
Potions
 c - a potion of magic
 f - a potion of attraction {unknown}
 g - a potion of heal wounds {unknown}


   Skills:
 + Level 0.5 Fighting
 - Level 2.0 Dodging
 + Level 3.0 Stealth
 + Level 3.1 Spellcasting
 - Level 1.0 Conjurations
 + Level 1.2 Summonings
 - Level 1.0 Translocations


You had 6 spell levels left.
You knew the following spells:

 Your Spells              Type           Power      Damage    Failure   Level
a - Magic Dart            Conj           20%        1d4       12%         1

Your spell library contained the following spells:

 Spells                   Type           Power      Damage    Failure   Level
 Call Imp                 Summ           6%         N/A       17%         2
 Slow                     Hex            8%         N/A       19%         1
 Blink                    Tloc           10%        N/A       19%         2
 Cigotuvi's Dreadful Rot  Necr/Pois/Air  4%         N/A       28%         2
 Mephitic Cloud           Conj/Pois/Air  3%         N/A       43%         3


Dungeon Overview and Level Annotations

Branches:
Dungeon (1/15)

Altars:


Innate Abilities, Weirdness & Mutations

You cannot wear most types of armour.
You are amphibious.
You can wear up to eight rings at the same time.
Your skin changes colour to match your surroundings (Stealth+).
Your rubbery body absorbs attacks. (AC +1, EV +1)
((You are camouflaged when in or above water. (Stealth+)))
You have tentacles for arms and can constrict up to eight enemies at once.


Message History

Found a murky dark potion.
Found 4 stones.
f - a murky white potion
g - a murky dark potion A hobgoblin comes into view.
The hobgoblin shouts!
A goblin comes into view. It is wielding a +0 dagger.
The hobgoblin closely misses you.
The goblin shouts!
You hit the hobgoblin. You grab the hobgoblin.
The hobgoblin is heavily wounded.
You constrict the hobgoblin. The hobgoblin hits you.
You hit the hobgoblin.
You kill the hobgoblin!
Your Stealth skill increases to level 3!
You have reached level 2!
Unknown command.
You have 6 tentacles available for constriction.
Your movement speed is average.
Your attack delay is about 1.0.
Your damage rating with your +0 dagger is about 4 (Base 4 x 102% (Dex) x 100% (Skill)).
Char dumped successfully.
Press: ? - help, v - describe, . - travel The floor.
Casting: Magic Dart (safe; 12% risk of failure)
Confirm with . or Enter, or press ? or * to list all spells.
Okay, then.
Casting: Magic Dart (safe; 12% risk of failure)
Confirm with . or Enter, or press ? or * to list all spells.
You don't know that spell.
Casting: Magic Dart (safe; 12% risk of failure)
Confirm with . or Enter, or press ? or * to list all spells.
Okay, then.
Welcome back, kelthazard45 the Octopode Hedge Wizard.
Press ? for a list of commands and other information.
Save game and exit?
Welcome back, kelthazard45 the Octopode Hedge Wizard.
Press ? for a list of commands and other information.
Welcome back, kelthazard45 the Octopode Hedge Wizard.
Press ? for a list of commands and other information.
Are you sure you want to abandon this character and quit the game? (Confirm with "yes".)

#.#.##.##.#.###........#
##.#.##.#.....##..#####.#
###.....#...........# .
......#..##...#.###.# ..
###.!....###.##.#
#.........
##.#...###.##.# ######(..
####.....†...##.# ..
.........######.######.#
########.# #.@.g....# #.#
########## #.# #.# ## #.#
)# #.# .#######.#
.......).# .#########


You could see a goblin.

Vanquished Creatures
  A goblin (D:1)
  A hobgoblin (D:1)
  3 quokkas (D:1)
  A kobold (D:1)
6 creatures vanquished.

Notes
Turn   | Place    | Note
-------+----------+-------------------------------------------
     0 | D:1      | kelthazard45 the Octopode Hedge Wizard began the quest for
                  | the Orb.
     0 | D:1      | Reached XP level 1. HP: 11/11 MP: 4/4
   298 | D:1      | Reached XP level 2. HP: 12/18 MP: 6/6
   302 | D:1      | Quit the game

Illustrated notes

Levels and vault maps discovered:
D:1:      amcnicky_arrival_single_pillar, layout_loops_ring,
          hellmonk_ecumenical_altar_run_dry

Skill      XL: |  1 |
---------------+----+-----
Stealth        | 3 |  3.0
Fighting       | |  0.5
Dodging        | |  2.0
Spellcasting   | |  3.1
Conjurations   | |  1.0
Summonings     | |  1.2
Translocations | |  1.0

Action                   || total
-------------------------++-------
Melee: Dagger            ||    12
       Constrict         ||     3
       Tentacles         ||     2
 Stab: Sleeping          ||     3
Dodge: Dodged            ||     4

Table legend: (Time is in decaauts)
 A = Elapsed time spent in this place.
 B = Non-inter-level travel time spent in this place.
 C = Inter-level travel time spent in this place.
 D = Time resting spent in this place.
 E = Time spent auto-exploring this place.
 F = Levels seen in this place.
 G = Mean time per level.
                   A        B        C        D        E       F      G
               +--------+--------+--------+--------+--------+-----+--------+
         Total |    302 |    301 |      1 |     24 |      0 |   1 |  302.0 |
       Dungeon |    302 |    301 |      1 |     24 |      0 |   1 |  302.0 |
               +--------+--------+--------+--------+--------+-----+--------+

Top non-repeatable levels by time:
     D:1: 302 daAuts
